Sarnia Sailors vs Kelowna Rockets
Created - Sunday, October 8, 2023 at 07:18
Goals
|
| Sarnia Sailors |
1 |
1 |
2 |
4 |
| Kelowna Rockets |
1 |
0 |
2 |
3 |
|
Shots
|
| Sarnia Sailors |
8 |
8 |
17 |
33 |
| Kelowna Rockets |
18 |
8 |
16 |
42 |
|
1st period
1. Sarnia Sailors , Kevin Stenlund 9 (Keegan Kolesar 13, Vasily Podkolzin 14) at 3:59
2. Kelowna Rockets , Jesse Ylonen 16 (Eemil Viro 2, Jack Drury 13) at 18:26
Penalties :
Alex Peters (KEL) for Fighting (Major) at 6:18, Keegan Kolesar (SAR) for Fighting (Major) at 6:18, Keegan Kolesar (SAR) for instigated a fight (Minor) at 6:18, Keegan Kolesar (SAR) for instigated and being the aggresor in a fight (20 Minutes Game Misconduct) at 6:18, Adam Ginning (SAR) for High sticking (Minor) at 12:56, Tristen Nielsen (SAR) for Holding (Minor) at 15:16
2nd period
3. Sarnia Sailors , Jesse Puljujarvi 17 (Adam Erne 8) at 13:34
Penalties :
Alex Peters (KEL) for Fighting (Major) at 2:00, Kevin Stenlund (SAR) for Fighting (Major) at 2:00, Alex Peters (KEL) for instigated a fight (Minor) at 2:00, Alex Peters (KEL) for instigated a fight (10 Minutes Misconduct) at 2:00, Cole Reinhardt (SAR) for Tripping (Minor) at 17:57
3rd period
4. Sarnia Sailors , Jesse Puljujarvi 18 (Adam Ginning 6, Adam Erne 9) at 9:07
5. Kelowna Rockets , Joel Kiviranta 13 (Mavrik Bourque 15, Lauri Pajuniemi 14) at 17:26 (PP)
6. Sarnia Sailors , Vasily Podkolzin 16 (Jack Rathbone 18) at 18:07
7. Kelowna Rockets , Jesse Ylonen 17 (Alex Peters 7, Matias Maccelli 27) at 18:47
Penalties :
Brad Lambert (SAR) for Boarding (Minor) at 0:42, Declan Chisholm (SAR) for Boarding (Minor) at 5:31, Cole Reinhardt (SAR) for Roughing (Minor) at 16:51, Roby Jarventie (KEL) for Fighting (Major) at 17:37, Dominic Toninato (SAR) for Fighting (Major) at 17:37, Adam Ginning (SAR) for Hooking (Minor) at 19:10
Goalie Stats
Remi Poirier (SAR), 39 saves from 42 shots - (0.929), W, 3-3-0, 60:00 minutes
Justus Annunen (KEL), 29 saves from 33 shots - (0.879), L, 5-6-1, 58:57 minutes
Players Stats for Sarnia Sailors
Player Name G A P +/- PIM S H SB GA TA FO MP PP MP PK MP
------------------------------------------------------------------------------------
Adam Erne 0 2 2 2 0 3 1 1 1 1 1/3 20:48 0:06 7:14
Adam Ginning 0 1 1 1 4 0 1 2 0 1 0/0 21:00 0:40 5:40
Brad Lambert 0 0 0 -1 2 0 3 0 0 2 4/7 17:37 0:59 0:28
Cole Reinhardt 0 0 0 0 4 0 3 0 0 1 1/1 15:25 0:54 1:40
Daniel Torgersson 0 0 0 0 0 0 0 0 0 0 0/0 5:10 0:00 0:00
Declan Chisholm 0 0 0 1 2 4 3 1 0 0 0/0 23:07 0:00 4:54
Dominic Toninato 0 0 0 0 5 2 1 0 2 1 5/7 15:47 0:54 4:52
Jack Rathbone 0 1 1 0 0 3 1 3 1 2 0/0 28:30 1:19 7:36
Jamie Drysdale 0 0 0 2 0 0 0 1 0 1 0/0 16:06 1:19 0:57
Jesse Puljujarvi 2 0 2 2 0 4 1 0 1 0 0/0 13:26 0:54 0:00
Keegan Kolesar 0 1 1 1 27 0 1 0 0 0 0/2 2:13 0:00 0:00
Kevin Stenlund 1 0 1 0 5 7 1 1 1 1 25/46 22:17 0:00 7:07
Laurent Dauphin 0 0 0 0 0 1 1 0 0 0 1/3 10:14 0:06 4:31
Lucas Edmonds 0 0 0 0 0 3 0 1 0 0 0/0 12:35 0:46 0:00
Robert Hamilton 0 0 0 0 0 1 0 5 0 1 0/0 17:06 0:00 5:42
Tristen Nielsen 0 0 0 2 2 0 0 0 1 0 4/9 14:13 0:59 0:17
Vasily Podkolzin 1 1 2 0 0 5 1 0 1 0 0/0 17:10 0:59 0:27
Zach Uens 0 0 0 0 0 0 1 1 0 0 0/0 13:48 0:00 1:47
Players Stats for Kelowna Rockets
Player Name G A P +/- PIM S H SB GA TA FO MP PP MP PK MP
------------------------------------------------------------------------------------
Alex Peters 0 1 1 0 22 1 2 2 0 1 0/0 16:40 5:23 0:00
Anttoni Honka 0 0 0 0 0 1 3 1 0 1 0/0 25:21 6:39 1:15
Connor Zary 0 0 0 -1 0 5 2 1 0 0 6/10 13:58 0:00 0:09
Eemil Viro 0 1 1 -1 0 0 1 2 0 0 0/0 15:00 0:00 0:58
Jack Drury 0 1 1 1 0 5 0 0 0 0 14/32 20:17 6:40 0:49
Jacob Perreault 0 0 0 0 0 0 2 0 0 0 0/0 7:39 0:00 0:00
Jasper Weatherby 0 0 0 0 0 0 2 0 0 0 3/8 7:39 0:00 0:00
Jesse Ylonen 2 0 2 1 0 4 2 0 2 1 0/1 20:29 6:40 1:01
Joel Kiviranta 1 0 1 -2 0 4 1 0 1 0 1/1 19:28 6:38 0:49
Joseph Gambardella 0 0 0 0 0 1 0 0 0 0 0/0 8:37 0:00 0:00
Kim Nousiainen 0 0 0 -1 0 1 1 0 0 0 0/0 15:39 1:16 0:03
Lauri Pajuniemi 0 1 1 -2 0 3 3 0 0 1 0/0 18:34 6:38 0:00
Lucas Johansen 0 0 0 -1 0 1 0 2 0 1 0/0 23:18 6:39 1:01
Matias Maccelli 0 1 1 1 0 5 2 0 3 2 1/2 20:43 6:40 1:01
Mavrik Bourque 0 1 1 -2 0 2 3 2 1 0 10/21 18:34 6:38 0:00
Oskar Back 0 0 0 -1 0 3 0 1 0 0 2/2 12:15 0:00 0:00
Oskari Laaksonen 0 0 0 -1 0 1 0 3 2 1 0/0 22:06 6:39 0:41
Roby Jarventie 0 0 0 -1 5 5 0 2 2 0 0/1 11:41 0:00 0:09
3 Stars
1 - Jesse Puljujarvi (SAR)
2 - Jesse Ylonen (KEL)
3 - Adam Erne (SAR)
Power Play
Sarnia Sailors - 0 on 1 Attempt(s) - 0.00%
Kelowna Rockets - 1 on 8 Attempt(s) - 12.50%
Penalty Kill
Sarnia Sailors - 7 on 8 Attempt(s) - 87.50%
- Score 0 goal in Penalty Kill
Kelowna Rockets - 1 on 1 Attempt(s) - 100.00%
- Score 0 goal in Penalty Kill
Team Stat
Sarnia Sailors - Hits : 19 - Faceoff Wins : 41 - Blocked Shots : 16 - Penalty Minutes : 51
Kelowna Rockets - Hits : 24 - Faceoff Wins : 37 - Blocked Shots : 16 - Penalty Minutes : 27
Official
Referees : Greg Kimmerly and Mike Leggo
Linesman : John Grandt and Ryan Gibbons
Game Notes
Alex Peters and Keegan Kolesar fight to a draw at 6:18 of 1st period
Keegan Kolesar ejected from game at 6:18 of 1st period
Alex Peters beats up Kevin Stenlund at 2:00 of 2nd period
Roby Jarventie and Dominic Toninato fight to a draw at 17:37 of 3rd period
Sarnia Sailors
5 vs 5 Forward
Center Left Wing Right Wing Time % Phy DF OF
1 Kevin Stenlund Vasily Podkolzin Keegan Kolesar 40 2 1 2
2 Tristen Nielsen Adam Erne Jesse Puljujarvi 30 2 1 2
3 Dominic Toninato Cole Reinhardt Lucas Edmonds 20 1 2 2
4 Laurent Dauphin Daniel Torgersson Brad Lambert 10 2 1 2
5 vs 5 Defense
Defense Defense Time % Phy DF OF
1 Declan Chisholm Jack Rathbone 40 1 2 2
2 Jamie Drysdale Adam Ginning 30 2 1 2
3 Zach Uens Robert Hamilton 20 2 2 1
4 Adam Ginning Jack Rathbone 10 1 2 2
PowerPlay Forward
Center Left Wing Right Wing Time % Phy DF OF
1 Tristen Nielsen Vasily Podkolzin Keegan Kolesar 60 2 1 2
2 Kevin Stenlund Cole Reinhardt Jesse Puljujarvi 40 1 1 3
PowerPlay Defense
Defense Defense Time % Phy DF OF
1 Jamie Drysdale Jack Rathbone 60 1 1 3
2 Adam Ginning Brad Lambert 40 2 1 2
Penalty Kill 4 Players Forward
Center Wing Time % Phy DF OF
1 Kevin Stenlund Adam Erne 60 2 2 1
2 Laurent Dauphin Keegan Kolesar 40 2 2 1
Penalty Kill 4 Players Defense
Defense Defense Time % Phy DF OF
1 Adam Ginning Jack Rathbone 60 2 1 2
2 Declan Chisholm Robert Hamilton 40 2 2 1
Penalty Kill - 3 Players Forward
Forward Time % Phy DF OF
1 Kevin Stenlund 60 2 2 1
2 Tristen Nielsen 40 2 2 1
Penalty Kill - 3 Players Defense
Defense Defense Time % Phy DF OF
1 Adam Ginning Jack Rathbone 60 2 1 2
2 Declan Chisholm Robert Hamilton 40 2 2 1
4 vs 4 Forward
Center Wing Time % Phy DF OF
1 Kevin Stenlund Keegan Kolesar 60 2 1 2
2 Tristen Nielsen Vasily Podkolzin 40 2 1 2
4 vs 4 Defense
Defense Defense Time % Phy DF OF
1 Declan Chisholm Jack Rathbone 60 1 2 2
2 Jamie Drysdale Robert Hamilton 40 2 1 2
Last Minutes Offensive
Center Left Wing Right Wing Defense Defense
Tristen Nielsen Vasily Podkolzin Keegan Kolesar Jamie Drysdale Jack Rathbone
Last Minutes Defensive
Center Left Wing Right Wing Defense Defense
Kevin Stenlund Adam Erne Tristen Nielsen Adam Ginning Jack Rathbone
Goaltenders
Starting : Remi Poirier
Backup : Dylan Ferguson
Extra Forwards
Normal : Brad Lambert, Cole Reinhardt, Lucas Edmonds - PP : Brad Lambert, Cole Reinhardt - PK : Dominic Toninato
Extra Defensemen
Normal : Zach Uens, Jamie Drysdale, Adam Ginning - PP : Robert Hamilton - PK : Zach Uens, Jamie Drysdale
Penalty Shots
Tristen Nielsen, Vasily Podkolzin, Keegan Kolesar, Kevin Stenlund, Cole Reinhardt
Kelowna Rockets
5 vs 5 Forward
Center Left Wing Right Wing Time % Phy DF OF
1 Jack Drury Matias Maccelli Jesse Ylonen 30 1 2 2
2 Mavrik Bourque Joel Kiviranta Lauri Pajuniemi 30 1 2 2
3 Connor Zary Roby Jarventie Oskar Back 25 1 2 2
4 Jasper Weatherby Joseph Gambardella Jacob Perreault 15 1 2 2
5 vs 5 Defense
Defense Defense Time % Phy DF OF
1 Alex Peters Anttoni Honka 30 1 2 2
2 Lucas Johansen Oskari Laaksonen 30 1 2 2
3 Kim Nousiainen Eemil Viro 25 1 2 2
4 Alex Peters Anttoni Honka 15 1 2 2
PowerPlay Forward
Center Left Wing Right Wing Time % Phy DF OF
1 Jack Drury Matias Maccelli Jesse Ylonen 50 1 2 2
2 Mavrik Bourque Joel Kiviranta Lauri Pajuniemi 50 1 2 2
PowerPlay Defense
Defense Defense Time % Phy DF OF
1 Alex Peters Anttoni Honka 50 1 2 2
2 Lucas Johansen Oskari Laaksonen 50 1 2 2
Penalty Kill 4 Players Forward
Center Wing Time % Phy DF OF
1 Matias Maccelli Jesse Ylonen 50 1 2 2
2 Joel Kiviranta Jack Drury 50 1 2 2
Penalty Kill 4 Players Defense
Defense Defense Time % Phy DF OF
1 Alex Peters Anttoni Honka 50 1 2 2
2 Lucas Johansen Oskari Laaksonen 50 1 2 2
Penalty Kill - 3 Players Forward
Forward Time % Phy DF OF
1 Matias Maccelli 50 1 2 2
2 Jesse Ylonen 50 1 2 2
Penalty Kill - 3 Players Defense
Defense Defense Time % Phy DF OF
1 Alex Peters Anttoni Honka 50 1 2 2
2 Lucas Johansen Oskari Laaksonen 50 1 2 2
4 vs 4 Forward
Center Wing Time % Phy DF OF
1 Matias Maccelli Jesse Ylonen 50 1 2 2
2 Joel Kiviranta Jack Drury 50 1 2 2
4 vs 4 Defense
Defense Defense Time % Phy DF OF
1 Alex Peters Anttoni Honka 50 1 2 2
2 Lucas Johansen Oskari Laaksonen 50 1 2 2
Last Minutes Offensive
Center Left Wing Right Wing Defense Defense
Jack Drury Matias Maccelli Jesse Ylonen Alex Peters Anttoni Honka
Last Minutes Defensive
Center Left Wing Right Wing Defense Defense
Jack Drury Matias Maccelli Jesse Ylonen Alex Peters Anttoni Honka
Goaltenders
Starting : Justus Annunen
Backup : Arvid Holm
Extra Forwards
Normal : Roby Jarventie, Joseph Gambardella, Connor Zary - PP : Roby Jarventie, Joseph Gambardella - PK : Connor Zary
Extra Defensemen
Normal : Kim Nousiainen, Eemil Viro, Lucas Johansen - PP : Kim Nousiainen - PK : Eemil Viro, Lucas Johansen
Penalty Shots
Matias Maccelli, Jesse Ylonen, Joel Kiviranta, Jack Drury, Roby Jarventie
% Time on Ice - Sarnia Sailors
Lines # - Real PCT - Wanted PCT - Time Play
Normal Forward
1 - 41% - 40% - 17:59
2 - 27% - 30% - 11:54
3 - 22% - 20% - 9:41
4 - 11% - 10% - 4:46
Normal Defense
1 - 41% - 40% - 18:23
2 - 29% - 30% - 13:02
3 - 26% - 20% - 11:23
4 - 3% - 10% - 1:32
PP Forward
1 - 55% - 60% - 1:05
2 - 45% - 40% - 0:54
PP Defense
1 - 66% - 60% - 1:19
2 - 34% - 40% - 0:40
PK Forward
1 - 66% - 60% - 8:47
2 - 34% - 40% - 4:31
PK Defense
1 - 57% - 60% - 7:36
2 - 43% - 40% - 5:42
PK3 Forward
1 - 0% - 60%
2 - 0% - 40%
PK3 Defense
1 - 0% - 60%
2 - 0% - 40%
44 Forward
1 - 0% - 60%
2 - 0% - 40%
44 Defense
1 - 0% - 60%
2 - 0% - 40%
Last Minute Offensive - 0:00
Last Minute Defensive - 0:23
Total
Forward - 60:00
Defense - 60:00
|
% Time on Ice - Kelowna Rockets
Lines # - Real PCT - Wanted PCT - Time Play
Normal Forward
1 - 28% - 30% - 12:25
2 - 27% - 30% - 12:01
3 - 28% - 25% - 12:15
4 - 17% - 15% - 7:39
Normal Defense
1 - 32% - 30% - 14:16
2 - 32% - 30% - 14:01
3 - 25% - 25% - 11:03
4 - 11% - 15% - 5:00
PP Forward
1 - 50% - 50% - 6:40
2 - 50% - 50% - 6:38
PP Defense
1 - 50% - 50% - 6:39
2 - 50% - 50% - 6:39
PK Forward
1 - 51% - 50% - 1:01
2 - 49% - 50% - 0:58
PK Defense
1 - 66% - 50% - 1:18
2 - 34% - 50% - 0:41
PK3 Forward
1 - 0% - 50%
2 - 0% - 50%
PK3 Defense
1 - 0% - 50%
2 - 0% - 50%
44 Forward
1 - 0% - 50%
2 - 0% - 50%
44 Defense
1 - 0% - 50%
2 - 0% - 50%
Last Minute Offensive - 0:23
Last Minute Defensive - 0:00
Total
Forward - 60:00
Defense - 60:00
|
Play-by-Play
1st period
0:01 of 1st period - Kevin Stenlund wins face-off versus Jack Drury in neutral zone.
0:55 of 1st period - Backhand shot by Lucas Edmonds.
0:55 of 1st period - Stopped by Justus Annunen without a rebound.
0:56 of 1st period - Cole Reinhardt wins face-off versus Jasper Weatherby in Kelowna Rockets zone.
1:17 of 1st period - Snap shot by Dominic Toninato.
1:17 of 1st period - Shot Misses the Net.
1:19 of 1st period - Snap shot by Dominic Toninato.
1:19 of 1st period - Stopped by Justus Annunen with a rebound.
1:21 of 1st period - Snap shot by Jack Rathbone.
1:21 of 1st period - Stopped by Justus Annunen with a rebound.
1:23 of 1st period - Slapshot by Adam Ginning.
1:23 of 1st period - Shot Misses the Net.
1:25 of 1st period - Slapshot by Dominic Toninato.
1:25 of 1st period - Stopped by Justus Annunen without a rebound.
1:26 of 1st period - Connor Zary wins face-off versus Kevin Stenlund in Kelowna Rockets zone.
2:02 of 1st period - Jack Rathbone is hit by Jesse Ylonen and loses puck.
2:41 of 1st period - Wrist shot by Joseph Gambardella.
2:41 of 1st period - Shot Misses the Net.
2:59 of 1st period - Snap shot by Keegan Kolesar.
2:59 of 1st period - Shot Blocked by Oskari Laaksonen.
3:15 of 1st period - Matias Maccelli is hit by Zach Uens and loses puck.
3:40 of 1st period - Joel Kiviranta is hit by Jesse Puljujarvi and loses puck.
3:57 of 1st period - Wrist shot by Keegan Kolesar.
3:57 of 1st period - Shot Misses the Net.
3:59 of 1st period - Snap shot by Kevin Stenlund.
3:59 of 1st period - Goal by Kevin Stenlund - Sarnia Sailors : 1 - Kelowna Rockets : 0.
4:00 of 1st period - Jack Drury wins face-off versus Kevin Stenlund in neutral zone.
4:05 of 1st period - Snap shot by Matias Maccelli.
4:05 of 1st period - Shot Misses the Net.
4:07 of 1st period - Snap shot by Jesse Ylonen.
4:07 of 1st period - Stopped by Remi Poirier without a rebound.
4:08 of 1st period - Kevin Stenlund wins face-off versus Jack Drury in Sarnia Sailors zone.
4:23 of 1st period - Wrist shot by Vasily Podkolzin.
4:23 of 1st period - Shot Misses the Net.
4:29 of 1st period - Snap shot by Jack Drury.
4:29 of 1st period - Stopped by Remi Poirier without a rebound.
4:30 of 1st period - Mavrik Bourque wins face-off versus Tristen Nielsen in Sarnia Sailors zone.
4:33 of 1st period - Backhand shot by Mavrik Bourque.
4:33 of 1st period - Shot Misses the Net.
5:06 of 1st period - Wrist shot by Connor Zary.
5:06 of 1st period - Deflect By Roby Jarventie.
5:06 of 1st period - Stopped by Remi Poirier without a rebound.
5:07 of 1st period - Connor Zary wins face-off versus Keegan Kolesar in Sarnia Sailors zone.
5:12 of 1st period - Snap shot by Roby Jarventie.
5:12 of 1st period - Shot Misses the Net.
5:14 of 1st period - Snap shot by Oskar Back.
5:14 of 1st period - Stopped by Remi Poirier without a rebound.
5:15 of 1st period - Connor Zary wins face-off versus Keegan Kolesar in Sarnia Sailors zone.
5:16 of 1st period - Slapshot by Roby Jarventie.
5:16 of 1st period - Stopped by Remi Poirier with a rebound.
5:18 of 1st period - Slapshot by Roby Jarventie.
5:18 of 1st period - Shot Misses the Net.
5:22 of 1st period - Wrist shot by Roby Jarventie.
5:22 of 1st period - Stopped by Remi Poirier without a rebound.
5:23 of 1st period - Connor Zary wins face-off versus Tristen Nielsen in Sarnia Sailors zone.
5:24 of 1st period - Snap shot by Roby Jarventie.
5:24 of 1st period - Stopped by Remi Poirier with a rebound.
5:49 of 1st period - Snap shot by Roby Jarventie.
5:49 of 1st period - Shot Blocked by Jack Rathbone.
6:14 of 1st period - Icing by Connor Zary.
6:15 of 1st period - Oskar Back wins face-off versus Kevin Stenlund in Kelowna Rockets zone.
6:15 of 1st period - Oskar Back is hit by Keegan Kolesar.
6:18 of 1st period - Alex Peters and Keegan Kolesar fight to a draw.
6:18 of 1st period - Penalty to Alex Peters for Fighting.
6:18 of 1st period - Penalty to Keegan Kolesar for Fighting.
6:18 of 1st period - Penalty to Keegan Kolesar for instigated a fight.
6:18 of 1st period - Penalty to Keegan Kolesar for instigated and being the aggresor in a fight.
6:18 of 1st period - Keegan Kolesar is ejected from game.
6:19 of 1st period - Kevin Stenlund wins face-off versus Matias Maccelli in neutral zone.
6:26 of 1st period - Slapshot by Matias Maccelli.
6:26 of 1st period - Deflect By Kevin Stenlund.
6:26 of 1st period - Shot Blocked by Adam Erne.
6:26 of 1st period - Puck is out of play.
6:27 of 1st period - Jack Drury wins face-off versus Kevin Stenlund in Sarnia Sailors zone.
7:02 of 1st period - Wrist shot by Joel Kiviranta.
7:02 of 1st period - Shot Misses the Net.
8:18 of 1st period - Penalty to Keegan Kolesar is over, Brad Lambert is send on ice.
8:30 of 1st period - Backhand shot by Vasily Podkolzin.
8:30 of 1st period - Stopped by Justus Annunen with a rebound.
8:46 of 1st period - Wrist shot by Jesse Puljujarvi.
8:46 of 1st period - Shot Misses the Net.
8:48 of 1st period - Snap shot by Adam Erne.
8:48 of 1st period - Shot Misses the Net.
9:36 of 1st period - Matias Maccelli is hit by Laurent Dauphin and loses puck.
9:47 of 1st period - Jack Drury is hit by Cole Reinhardt and loses puck.
10:12 of 1st period - Wrist shot by Roby Jarventie.
10:12 of 1st period - Shot Blocked by Robert Hamilton.
10:20 of 1st period - Anttoni Honka is hit by Brad Lambert and loses puck.
10:35 of 1st period - Wrist shot by Mavrik Bourque.
10:35 of 1st period - Stopped by Remi Poirier with a rebound.
10:55 of 1st period - Wrist shot by Joseph Gambardella.
10:55 of 1st period - Stopped by Remi Poirier with a rebound.
11:35 of 1st period - Snap shot by Lucas Edmonds.
11:35 of 1st period - Deflect By Dominic Toninato.
11:35 of 1st period - Shot Blocked by Oskari Laaksonen.
11:35 of 1st period - Puck is out of play.
11:36 of 1st period - Jasper Weatherby wins face-off versus Dominic Toninato in Kelowna Rockets zone.
11:45 of 1st period - Dominic Toninato is hit by Jacob Perreault and loses puck.
12:25 of 1st period - Vasily Podkolzin is hit by Eemil Viro and loses puck.
12:56 of 1st period - Minor Penalty to Adam Ginning for High sticking.
12:57 of 1st period - Mavrik Bourque wins face-off versus Kevin Stenlund in Sarnia Sailors zone.
12:57 of 1st period - Slapshot by Joel Kiviranta.
12:57 of 1st period - Deflect By Mavrik Bourque.
12:57 of 1st period - Shot Blocked by Kevin Stenlund.
12:57 of 1st period - Puck is out of play.
12:58 of 1st period - Kevin Stenlund wins face-off versus Mavrik Bourque in Sarnia Sailors zone.
13:24 of 1st period - Jamie Drysdale is hit by Jesse Ylonen and loses puck.
13:31 of 1st period - Wrist shot by Jesse Ylonen.
13:31 of 1st period - Shot Misses the Net.
13:33 of 1st period - Snap shot by Jesse Ylonen.
13:33 of 1st period - Shot Misses the Net.
14:56 of 1st period - Penalty to Adam Ginning is over, Adam Ginning is back on ice.
15:16 of 1st period - Minor Penalty to Tristen Nielsen for Holding.
15:17 of 1st period - Joel Kiviranta wins face-off versus Kevin Stenlund in Sarnia Sailors zone.
15:17 of 1st period - Wrist shot by Mavrik Bourque.
15:17 of 1st period - Stopped by Remi Poirier with a rebound.
15:19 of 1st period - Slapshot by Joel Kiviranta.
15:19 of 1st period - Deflect By Mavrik Bourque.
15:19 of 1st period - Shot Misses the Net.
15:19 of 1st period - Puck is out of play.
15:20 of 1st period - Mavrik Bourque wins face-off versus Kevin Stenlund in Sarnia Sailors zone.
15:23 of 1st period - Snap shot by Joel Kiviranta.
15:23 of 1st period - Stopped by Remi Poirier with a rebound.
15:25 of 1st period - Wrist shot by Lauri Pajuniemi.
15:25 of 1st period - Shot Misses the Net.
15:27 of 1st period - Slapshot by Mavrik Bourque.
15:27 of 1st period - Deflect By Lauri Pajuniemi.
15:27 of 1st period - Stopped by Remi Poirier with a rebound.
15:32 of 1st period - Slapshot by Lucas Johansen.
15:32 of 1st period - Stopped by Remi Poirier without a rebound.
15:33 of 1st period - Kevin Stenlund wins face-off versus Jack Drury in Sarnia Sailors zone.
15:33 of 1st period - Kevin Stenlund is hit by Anttoni Honka.
15:48 of 1st period - Snap shot by Kevin Stenlund.
15:48 of 1st period - Stopped by Justus Annunen with a rebound.
16:04 of 1st period - Icing by Lauri Pajuniemi.
16:05 of 1st period - Kevin Stenlund wins face-off versus Mavrik Bourque in Kelowna Rockets zone.
16:10 of 1st period - Snap shot by Lauri Pajuniemi.
16:10 of 1st period - Stopped by Remi Poirier without a rebound.
16:11 of 1st period - Kevin Stenlund wins face-off versus Jack Drury in Sarnia Sailors zone.
16:26 of 1st period - Wrist shot by Matias Maccelli.
16:26 of 1st period - Shot Blocked by Robert Hamilton.
17:16 of 1st period - Penalty to Tristen Nielsen is over, Tristen Nielsen is back on ice.
17:34 of 1st period - Slapshot by Adam Erne.
17:34 of 1st period - Deflect By Jesse Puljujarvi.
17:34 of 1st period - Shot Misses the Net.
17:34 of 1st period - Puck is out of play.
17:35 of 1st period - Tristen Nielsen wins face-off versus Mavrik Bourque in Kelowna Rockets zone.
17:56 of 1st period - Snap shot by Mavrik Bourque.
17:56 of 1st period - Shot Hit the Post.
17:58 of 1st period - Slapshot by Oskari Laaksonen.
17:58 of 1st period - Stopped by Remi Poirier without a rebound.
17:59 of 1st period - Connor Zary wins face-off versus Kevin Stenlund in Sarnia Sailors zone.
18:12 of 1st period - Wrist shot by Roby Jarventie.
18:12 of 1st period - Stopped by Remi Poirier without a rebound.
18:13 of 1st period - Jack Drury wins face-off versus Kevin Stenlund in Sarnia Sailors zone.
18:22 of 1st period - Snap shot by Jack Drury.
18:22 of 1st period - Stopped by Remi Poirier with a rebound.
18:24 of 1st period - Slapshot by Eemil Viro.
18:24 of 1st period - Shot Misses the Net.
18:26 of 1st period - Wrist shot by Jesse Ylonen.
18:26 of 1st period - Goal by Jesse Ylonen - Sarnia Sailors : 1 - Kelowna Rockets : 1.
18:27 of 1st period - Kevin Stenlund wins face-off versus Jack Drury in neutral zone.
18:30 of 1st period - Matias Maccelli is hit by Declan Chisholm.
18:31 of 1st period - Icing by Matias Maccelli.
18:32 of 1st period - Jack Drury wins face-off versus Kevin Stenlund in Kelowna Rockets zone.
19:24 of 1st period - Snap shot by Adam Erne.
19:24 of 1st period - Deflect By Jesse Puljujarvi.
19:24 of 1st period - Stopped by Justus Annunen with a rebound.
19:26 of 1st period - Snap shot by Jamie Drysdale.
19:26 of 1st period - Shot Blocked by Roby Jarventie.
19:33 of 1st period - Icing by Oskar Back.
19:34 of 1st period - Jasper Weatherby wins face-off versus Kevin Stenlund in Kelowna Rockets zone.
19:39 of 1st period - Vasily Podkolzin is hit by Jasper Weatherby and loses puck.
Goals for this period are 1 for Sarnia Sailors vs 1 for Kelowna Rockets.
Shots for this period are 8 for Sarnia Sailors vs 18 for Kelowna Rockets.
2nd period
0:01 of 2nd period - Jack Drury wins face-off versus Kevin Stenlund in neutral zone.
0:04 of 2nd period - Snap shot by Jack Drury.
0:04 of 2nd period - Stopped by Remi Poirier with a rebound.
0:06 of 2nd period - Snap shot by Jesse Ylonen.
0:06 of 2nd period - Stopped by Remi Poirier without a rebound.
0:07 of 2nd period - Brad Lambert wins face-off versus Jack Drury in Sarnia Sailors zone.
1:04 of 2nd period - Wrist shot by Jesse Puljujarvi.
1:04 of 2nd period - Stopped by Justus Annunen without a rebound.
1:05 of 2nd period - Jack Drury wins face-off versus Kevin Stenlund in Kelowna Rockets zone.
1:18 of 2nd period - 10 Minutes Misconduct Penalty to Keegan Kolesar is over.
1:20 of 2nd period - Wrist shot by Kevin Stenlund.
1:20 of 2nd period - Shot Blocked by Eemil Viro.
1:59 of 2nd period - Off-side.
2:00 of 2nd period - Kevin Stenlund wins face-off versus Jasper Weatherby in neutral zone.
2:00 of 2nd period - Alex Peters beats up Kevin Stenlund.
2:00 of 2nd period - Penalty to Alex Peters for Fighting.
2:00 of 2nd period - Penalty to Kevin Stenlund for Fighting.
2:00 of 2nd period - Penalty to Alex Peters for instigated a fight.
2:00 of 2nd period - Penalty to Alex Peters for instigated a fight.
2:01 of 2nd period - Matias Maccelli wins face-off versus Tristen Nielsen in neutral zone.
2:48 of 2nd period - Wrist shot by Vasily Podkolzin.
2:48 of 2nd period - Shot Misses the Net.
4:00 of 2nd period - Penalty to Alex Peters is over, Joel Kiviranta is send on ice.
4:39 of 2nd period - Laurent Dauphin is hit by Lauri Pajuniemi.
5:04 of 2nd period - Adam Ginning is hit by Jacob Perreault and loses puck.
5:29 of 2nd period - Adam Erne is hit by Lauri Pajuniemi and loses puck.
6:11 of 2nd period - Zach Uens is hit by Anttoni Honka and loses puck.
6:48 of 2nd period - Icing by Jesse Ylonen.
6:49 of 2nd period - Jack Drury wins face-off versus Laurent Dauphin in Kelowna Rockets zone.
7:52 of 2nd period - Jamie Drysdale is hit by Joel Kiviranta and loses puck.
7:59 of 2nd period - Snap shot by Joel Kiviranta.
7:59 of 2nd period - Stopped by Remi Poirier without a rebound.
8:00 of 2nd period - Mavrik Bourque wins face-off versus Tristen Nielsen in Sarnia Sailors zone.
8:03 of 2nd period - Slapshot by Lauri Pajuniemi.
8:03 of 2nd period - Stopped by Remi Poirier without a rebound.
8:04 of 2nd period - Tristen Nielsen wins face-off versus Mavrik Bourque in Sarnia Sailors zone.
8:11 of 2nd period - Adam Erne is hit by Mavrik Bourque and loses puck.
8:34 of 2nd period - Cole Reinhardt is hit by Connor Zary and loses puck.
8:51 of 2nd period - Snap shot by Cole Reinhardt.
8:51 of 2nd period - Shot Misses the Net.
8:53 of 2nd period - Slapshot by Robert Hamilton.
8:53 of 2nd period - Stopped by Justus Annunen with a rebound.
9:15 of 2nd period - Slapshot by Tristen Nielsen.
9:15 of 2nd period - Shot Blocked by Eemil Viro.
9:25 of 2nd period - Wrist shot by Jesse Ylonen.
9:25 of 2nd period - Shot Misses the Net.
9:27 of 2nd period - Snap shot by Jack Drury.
9:27 of 2nd period - Deflect By Jesse Ylonen.
9:27 of 2nd period - Shot Blocked by Jack Rathbone.
9:27 of 2nd period - Puck is out of play.
9:28 of 2nd period - Mavrik Bourque wins face-off versus Dominic Toninato in Sarnia Sailors zone.
9:29 of 2nd period - Snap shot by Joel Kiviranta.
9:29 of 2nd period - Stopped by Remi Poirier with a rebound.
9:37 of 2nd period - Wrist shot by Dominic Toninato.
9:37 of 2nd period - Shot Misses the Net.
9:39 of 2nd period - Snap shot by Adam Ginning.
9:39 of 2nd period - Deflect By Lucas Edmonds.
9:39 of 2nd period - Shot Blocked by Lucas Johansen.
9:39 of 2nd period - Puck is out of play.
9:40 of 2nd period - Mavrik Bourque wins face-off versus Tristen Nielsen in Kelowna Rockets zone.
9:45 of 2nd period - Wrist shot by Lauri Pajuniemi.
9:45 of 2nd period - Shot Misses the Net.
9:56 of 2nd period - Icing by Declan Chisholm.
9:57 of 2nd period - Tristen Nielsen wins face-off versus Jack Drury in Sarnia Sailors zone.
10:08 of 2nd period - Wrist shot by Adam Erne.
10:08 of 2nd period - Stopped by Justus Annunen with a rebound.
10:40 of 2nd period - Slapshot by Lucas Edmonds.
10:40 of 2nd period - Stopped by Justus Annunen with a rebound.
10:52 of 2nd period - Oskari Laaksonen is hit by Brad Lambert and loses puck.
11:01 of 2nd period - Wrist shot by Kevin Stenlund.
11:01 of 2nd period - Shot Blocked by Oskari Laaksonen.
11:03 of 2nd period - Snap shot by Kevin Stenlund.
11:03 of 2nd period - Shot Blocked by Connor Zary.
12:06 of 2nd period - Icing by Kevin Stenlund.
12:07 of 2nd period - Kevin Stenlund wins face-off versus Jack Drury in Sarnia Sailors zone.
12:46 of 2nd period - Slapshot by Matias Maccelli.
12:46 of 2nd period - Stopped by Remi Poirier without a rebound.
12:47 of 2nd period - Dominic Toninato wins face-off versus Jack Drury in Sarnia Sailors zone.
13:12 of 2nd period - Jesse Ylonen is hit by Dominic Toninato and loses puck.
13:30 of 2nd period - Snap shot by Cole Reinhardt.
13:30 of 2nd period - Deflect By Jesse Ylonen.
13:30 of 2nd period - Shot Misses the Net.
13:30 of 2nd period - Puck is out of play.
13:31 of 2nd period - Adam Erne wins face-off versus Mavrik Bourque in Kelowna Rockets zone.
13:32 of 2nd period - Wrist shot by Jesse Puljujarvi.
13:32 of 2nd period - Shot Misses the Net.
13:34 of 2nd period - Slapshot by Adam Erne.
13:34 of 2nd period - Deflect By Jesse Puljujarvi.
13:34 of 2nd period - Goal by Jesse Puljujarvi - Sarnia Sailors : 2 - Kelowna Rockets : 1.
13:35 of 2nd period - Mavrik Bourque wins face-off versus Kevin Stenlund in neutral zone.
13:40 of 2nd period - Wrist shot by Vasily Podkolzin.
13:40 of 2nd period - Shot Misses the Net.
14:25 of 2nd period - Snap shot by Connor Zary.
14:25 of 2nd period - Stopped by Remi Poirier with a rebound.
14:48 of 2nd period - Jasper Weatherby is hit by Kevin Stenlund and loses puck.
15:09 of 2nd period - Wrist shot by Joel Kiviranta.
15:09 of 2nd period - Shot Blocked by Adam Ginning.
15:25 of 2nd period - Snap shot by Vasily Podkolzin.
15:25 of 2nd period - Deflect By Kevin Stenlund.
15:25 of 2nd period - Stopped by Justus Annunen without a rebound.
15:26 of 2nd period - Kevin Stenlund wins face-off versus Jack Drury in Kelowna Rockets zone.
16:54 of 2nd period - Off-side.
16:55 of 2nd period - Kevin Stenlund wins face-off versus Jack Drury in neutral zone.
17:00 of 2nd period - 10 Minutes Misconduct Penalty to Alex Peters is over.
17:48 of 2nd period - Cole Reinhardt is hit by Connor Zary and loses puck.
17:57 of 2nd period - Minor Penalty to Cole Reinhardt for Tripping.
17:58 of 2nd period - Kevin Stenlund wins face-off versus Mavrik Bourque in Sarnia Sailors zone.
18:09 of 2nd period - Snap shot by Anttoni Honka.
18:09 of 2nd period - Stopped by Remi Poirier with a rebound.
18:45 of 2nd period - Joel Kiviranta is hit by Adam Erne and loses puck.
19:00 of 2nd period - Jack Drury is hit by Declan Chisholm and loses puck.
19:05 of 2nd period - Wrist shot by Laurent Dauphin.
19:05 of 2nd period - Stopped by Justus Annunen with a rebound.
19:15 of 2nd period - Wrist shot by Vasily Podkolzin.
19:15 of 2nd period - Stopped by Justus Annunen with a rebound.
19:53 of 2nd period - Joel Kiviranta is hit by Adam Ginning and loses puck.
19:57 of 2nd period - Penalty to Cole Reinhardt is over, Cole Reinhardt is back on ice.
Goals for this period are 1 for Sarnia Sailors vs 0 for Kelowna Rockets.
Shots for this period are 8 for Sarnia Sailors vs 8 for Kelowna Rockets.
3rd period
0:01 of 3rd period - Kevin Stenlund wins face-off versus Mavrik Bourque in neutral zone.
0:06 of 3rd period - Slapshot by Vasily Podkolzin.
0:06 of 3rd period - Stopped by Justus Annunen with a rebound.
0:08 of 3rd period - Slapshot by Declan Chisholm.
0:08 of 3rd period - Stopped by Justus Annunen without a rebound.
0:09 of 3rd period - Kevin Stenlund wins face-off versus Mavrik Bourque in Kelowna Rockets zone.
0:10 of 3rd period - Slapshot by Vasily Podkolzin.
0:10 of 3rd period - Stopped by Justus Annunen with a rebound.
0:12 of 3rd period - Snap shot by Vasily Podkolzin.
0:12 of 3rd period - Shot Misses the Net.
0:14 of 3rd period - Slapshot by Declan Chisholm.
0:14 of 3rd period - Shot Misses the Net.
0:16 of 3rd period - Snap shot by Declan Chisholm.
0:16 of 3rd period - Deflect By Lauri Pajuniemi.
0:16 of 3rd period - Stopped by Justus Annunen with a rebound.
0:18 of 3rd period - Slapshot by Declan Chisholm.
0:18 of 3rd period - Stopped by Justus Annunen with a rebound.
0:20 of 3rd period - Wrist shot by Declan Chisholm.
0:20 of 3rd period - Deflect By Kevin Stenlund.
0:20 of 3rd period - Shot Misses the Net.
0:20 of 3rd period - Puck is out of play.
0:21 of 3rd period - Kevin Stenlund wins face-off versus Mavrik Bourque in Kelowna Rockets zone.
0:22 of 3rd period - Snap shot by Vasily Podkolzin.
0:22 of 3rd period - Deflect By Kevin Stenlund.
0:22 of 3rd period - Shot Hit the Post.
0:22 of 3rd period - Puck is out of play.
0:23 of 3rd period - Mavrik Bourque wins face-off versus Kevin Stenlund in Kelowna Rockets zone.
0:23 of 3rd period - Mavrik Bourque is hit by Vasily Podkolzin.
0:42 of 3rd period - Minor Penalty to Brad Lambert for Boarding.
0:43 of 3rd period - Kevin Stenlund wins face-off versus Jack Drury in Sarnia Sailors zone.
0:58 of 3rd period - Wrist shot by Jesse Ylonen.
0:58 of 3rd period - Shot Misses the Net.
1:08 of 3rd period - Adam Erne is hit by Lauri Pajuniemi and loses puck.
1:13 of 3rd period - Slapshot by Mavrik Bourque.
1:13 of 3rd period - Shot Misses the Net.
2:34 of 3rd period - Tristen Nielsen is hit by Alex Peters and loses puck.
2:42 of 3rd period - Penalty to Brad Lambert is over, Brad Lambert is back on ice.
2:49 of 3rd period - Brad Lambert is hit by Alex Peters.
4:30 of 3rd period - Icing by Declan Chisholm.
4:31 of 3rd period - Dominic Toninato wins face-off versus Jasper Weatherby in Sarnia Sailors zone.
4:31 of 3rd period - Dominic Toninato is hit by Jasper Weatherby.
4:42 of 3rd period - Off-side.
4:43 of 3rd period - Jack Drury wins face-off versus Laurent Dauphin in neutral zone.
4:48 of 3rd period - Snap shot by Jesse Ylonen.
4:48 of 3rd period - Shot Misses the Net.
4:50 of 3rd period - Snap shot by Matias Maccelli.
4:50 of 3rd period - Stopped by Remi Poirier without a rebound.
4:51 of 3rd period - Laurent Dauphin wins face-off versus Jack Drury in Sarnia Sailors zone.
4:56 of 3rd period - Laurent Dauphin is hit by Kim Nousiainen and loses puck.
5:09 of 3rd period - Slapshot by Matias Maccelli.
5:09 of 3rd period - Stopped by Remi Poirier without a rebound.
5:10 of 3rd period - Kevin Stenlund wins face-off versus Mavrik Bourque in Sarnia Sailors zone.
5:31 of 3rd period - Minor Penalty to Declan Chisholm for Boarding.
5:32 of 3rd period - Jack Drury wins face-off versus Kevin Stenlund in Sarnia Sailors zone.
5:46 of 3rd period - Wrist shot by Matias Maccelli.
5:46 of 3rd period - Stopped by Remi Poirier without a rebound.
5:47 of 3rd period - Mavrik Bourque wins face-off versus Kevin Stenlund in Sarnia Sailors zone.
5:52 of 3rd period - Slapshot by Joel Kiviranta.
5:52 of 3rd period - Shot Blocked by Jack Rathbone.
6:21 of 3rd period - Snap shot by Matias Maccelli.
6:21 of 3rd period - Shot Misses the Net.
6:39 of 3rd period - Snap shot by Mavrik Bourque.
6:39 of 3rd period - Shot Blocked by Robert Hamilton.
6:41 of 3rd period - Snap shot by Lauri Pajuniemi.
6:41 of 3rd period - Shot Blocked by Robert Hamilton.
7:26 of 3rd period - Icing by Alex Peters.
7:27 of 3rd period - Mavrik Bourque wins face-off versus Brad Lambert in Kelowna Rockets zone.
7:27 of 3rd period - Mavrik Bourque is hit by Brad Lambert.
7:31 of 3rd period - Penalty to Declan Chisholm is over, Declan Chisholm is back on ice.
7:39 of 3rd period - Eemil Viro is hit by Jack Rathbone and loses puck.
8:03 of 3rd period - Slapshot by Kim Nousiainen.
8:03 of 3rd period - Deflect By Joseph Gambardella.
8:03 of 3rd period - Shot Misses the Net.
8:03 of 3rd period - Puck is out of play.
8:04 of 3rd period - Kevin Stenlund wins face-off versus Jack Drury in Sarnia Sailors zone.
8:37 of 3rd period - Snap shot by Dominic Toninato.
8:37 of 3rd period - Shot Blocked by Mavrik Bourque.
8:51 of 3rd period - Slapshot by Jack Rathbone.
8:51 of 3rd period - Deflect By Connor Zary.
8:51 of 3rd period - Stopped by Justus Annunen without a rebound.
8:52 of 3rd period - Tristen Nielsen wins face-off versus Connor Zary in Kelowna Rockets zone.
8:57 of 3rd period - Snap shot by Adam Erne.
8:57 of 3rd period - Stopped by Justus Annunen with a rebound.
8:59 of 3rd period - Slapshot by Jesse Puljujarvi.
8:59 of 3rd period - Shot Blocked by Roby Jarventie.
9:01 of 3rd period - Wrist shot by Adam Erne.
9:01 of 3rd period - Stopped by Justus Annunen with a rebound.
9:03 of 3rd period - Wrist shot by Adam Ginning.
9:03 of 3rd period - Shot Blocked by Lucas Johansen.
9:05 of 3rd period - Wrist shot by Jesse Puljujarvi.
9:05 of 3rd period - Shot Blocked by Oskar Back.
9:07 of 3rd period - Snap shot by Jesse Puljujarvi.
9:07 of 3rd period - Goal by Jesse Puljujarvi - Sarnia Sailors : 3 - Kelowna Rockets : 1.
9:08 of 3rd period - Brad Lambert wins face-off versus Jesse Ylonen in neutral zone.
9:10 of 3rd period - Off-side.
9:11 of 3rd period - Kevin Stenlund wins face-off versus Jack Drury in neutral zone.
9:18 of 3rd period - Snap shot by Kevin Stenlund.
9:18 of 3rd period - Stopped by Justus Annunen without a rebound.
9:19 of 3rd period - Kevin Stenlund wins face-off versus Mavrik Bourque in Kelowna Rockets zone.
9:28 of 3rd period - Snap shot by Kevin Stenlund.
9:28 of 3rd period - Shot Blocked by Mavrik Bourque.
9:30 of 3rd period - Slapshot by Jack Rathbone.
9:30 of 3rd period - Stopped by Justus Annunen with a rebound.
9:32 of 3rd period - Slapshot by Declan Chisholm.
9:32 of 3rd period - Stopped by Justus Annunen with a rebound.
9:44 of 3rd period - Jesse Puljujarvi is hit by Anttoni Honka and loses puck.
9:50 of 3rd period - Jack Rathbone is hit by Matias Maccelli and loses puck.
10:30 of 3rd period - Wrist shot by Kevin Stenlund.
10:30 of 3rd period - Stopped by Justus Annunen without a rebound.
10:31 of 3rd period - Kevin Stenlund wins face-off versus Jasper Weatherby in Kelowna Rockets zone.
10:56 of 3rd period - Adam Erne is hit by Mavrik Bourque and loses puck.
11:05 of 3rd period - Mavrik Bourque is hit by Declan Chisholm and loses puck.
11:22 of 3rd period - Wrist shot by Jesse Ylonen.
11:22 of 3rd period - Shot Blocked by Zach Uens.
12:03 of 3rd period - Adam Ginning is hit by Mavrik Bourque and loses puck.
12:16 of 3rd period - Wrist shot by Laurent Dauphin.
12:16 of 3rd period - Shot Misses the Net.
12:18 of 3rd period - Wrist shot by Daniel Torgersson.
12:18 of 3rd period - Shot Misses the Net.
12:20 of 3rd period - Slapshot by Adam Ginning.
12:20 of 3rd period - Shot Misses the Net.
12:32 of 3rd period - Snap shot by Matias Maccelli.
12:32 of 3rd period - Deflect By Jack Drury.
12:32 of 3rd period - Stopped by Remi Poirier without a rebound.
12:33 of 3rd period - Kevin Stenlund wins face-off versus Jack Drury in Sarnia Sailors zone.
12:33 of 3rd period - Kevin Stenlund is hit by Matias Maccelli.
12:39 of 3rd period - Lucas Johansen is hit by Cole Reinhardt and loses puck.
13:03 of 3rd period - Snap shot by Joel Kiviranta.
13:03 of 3rd period - Shot Misses the Net.
13:22 of 3rd period - Mavrik Bourque is hit by Cole Reinhardt.
13:38 of 3rd period - Snap shot by Joel Kiviranta.
13:38 of 3rd period - Shot Blocked by Jamie Drysdale.
14:23 of 3rd period - Wrist shot by Connor Zary.
14:23 of 3rd period - Shot Misses the Net.
14:25 of 3rd period - Slapshot by Connor Zary.
14:25 of 3rd period - Shot Blocked by Lucas Edmonds.
14:35 of 3rd period - Wrist shot by Kevin Stenlund.
14:35 of 3rd period - Stopped by Justus Annunen without a rebound.
14:36 of 3rd period - Jasper Weatherby wins face-off versus Adam Erne in Kelowna Rockets zone.
15:07 of 3rd period - Slapshot by Kevin Stenlund.
15:07 of 3rd period - Shot Misses the Net.
15:09 of 3rd period - Snap shot by Brad Lambert.
15:09 of 3rd period - Shot Blocked by Alex Peters.
15:25 of 3rd period - Snap shot by Connor Zary.
15:25 of 3rd period - Stopped by Remi Poirier with a rebound.
15:27 of 3rd period - Slapshot by Oskar Back.
15:27 of 3rd period - Stopped by Remi Poirier without a rebound.
15:28 of 3rd period - Dominic Toninato wins face-off versus Roby Jarventie in Sarnia Sailors zone.
15:53 of 3rd period - Slapshot by Kevin Stenlund.
15:53 of 3rd period - Stopped by Justus Annunen with a rebound.
16:14 of 3rd period - Snap shot by Connor Zary.
16:14 of 3rd period - Shot Misses the Net.
16:16 of 3rd period - Slapshot by Kim Nousiainen.
16:16 of 3rd period - Stopped by Remi Poirier with a rebound.
16:18 of 3rd period - Snap shot by Oskar Back.
16:18 of 3rd period - Shot Misses the Net.
16:20 of 3rd period - Wrist shot by Kim Nousiainen.
16:20 of 3rd period - Shot Misses the Net.
16:34 of 3rd period - Snap shot by Connor Zary.
16:34 of 3rd period - Shot Misses the Net.
16:36 of 3rd period - Snap shot by Connor Zary.
16:36 of 3rd period - Shot Blocked by Robert Hamilton.
16:42 of 3rd period - Snap shot by Roby Jarventie.
16:42 of 3rd period - Shot Misses the Net.
16:44 of 3rd period - Snap shot by Kim Nousiainen.
16:44 of 3rd period - Shot Misses the Net.
16:46 of 3rd period - Snap shot by Roby Jarventie.
16:46 of 3rd period - Shot Misses the Net.
16:48 of 3rd period - Slapshot by Kim Nousiainen.
16:48 of 3rd period - Deflect By Connor Zary.
16:48 of 3rd period - Deflect By Robert Hamilton.
16:48 of 3rd period - Stopped by Remi Poirier without a rebound.
16:49 of 3rd period - Dominic Toninato wins face-off versus Jasper Weatherby in Sarnia Sailors zone.
16:51 of 3rd period - Minor Penalty to Cole Reinhardt for Roughing.
16:52 of 3rd period - Jack Drury wins face-off versus Kevin Stenlund in Sarnia Sailors zone.
16:52 of 3rd period - Wrist shot by Matias Maccelli.
16:52 of 3rd period - Deflect By Kevin Stenlund.
16:52 of 3rd period - Shot Blocked by Adam Ginning.
16:52 of 3rd period - Puck is out of play.
16:53 of 3rd period - Kevin Stenlund wins face-off versus Jack Drury in Sarnia Sailors zone.
17:26 of 3rd period - Slapshot by Joel Kiviranta.
17:26 of 3rd period - Goal by Joel Kiviranta - Sarnia Sailors : 3 - Kelowna Rockets : 2.
17:27 of 3rd period - Dominic Toninato wins face-off versus Connor Zary in neutral zone.
17:37 of 3rd period - Roby Jarventie and Dominic Toninato fight to a draw.
17:37 of 3rd period - Penalty to Roby Jarventie for Fighting.
17:37 of 3rd period - Penalty to Dominic Toninato for Fighting.
17:38 of 3rd period - Connor Zary wins face-off versus Brad Lambert in neutral zone.
17:41 of 3rd period - Snap shot by Oskar Back.
17:41 of 3rd period - Stopped by Remi Poirier without a rebound.
17:42 of 3rd period - Brad Lambert wins face-off versus Connor Zary in Sarnia Sailors zone.
17:53 of 3rd period - Wrist shot by Lucas Edmonds.
17:53 of 3rd period - Stopped by Justus Annunen with a rebound.
17:55 of 3rd period - Slapshot by Jack Rathbone.
17:55 of 3rd period - Shot Blocked by Alex Peters.
17:57 of 3rd period - Snap shot by Jack Rathbone.
17:57 of 3rd period - Shot Blocked by Anttoni Honka.
18:07 of 3rd period - Snap shot by Vasily Podkolzin.
18:07 of 3rd period - Goal by Vasily Podkolzin - Sarnia Sailors : 4 - Kelowna Rockets : 2.
18:08 of 3rd period - Oskar Back wins face-off versus Brad Lambert in neutral zone.
18:13 of 3rd period - Slapshot by Joseph Gambardella.
18:13 of 3rd period - Deflect By Connor Zary.
18:13 of 3rd period - Shot Blocked by Declan Chisholm.
18:13 of 3rd period - Puck is out of play.
18:14 of 3rd period - Brad Lambert wins face-off versus Connor Zary in Sarnia Sailors zone.
18:27 of 3rd period - Snap shot by Connor Zary.
18:27 of 3rd period - Stopped by Remi Poirier with a rebound.
18:29 of 3rd period - Backhand shot by Connor Zary.
18:29 of 3rd period - Stopped by Remi Poirier with a rebound.
18:39 of 3rd period - Snap shot by Jack Drury.
18:39 of 3rd period - Stopped by Remi Poirier with a rebound.
18:41 of 3rd period - Snap shot by Jesse Ylonen.
18:41 of 3rd period - Shot Misses the Net.
18:43 of 3rd period - Snap shot by Matias Maccelli.
18:43 of 3rd period - Shot Misses the Net.
18:45 of 3rd period - Wrist shot by Alex Peters.
18:45 of 3rd period - Stopped by Remi Poirier with a rebound.
18:47 of 3rd period - Snap shot by Jesse Ylonen.
18:47 of 3rd period - Goal by Jesse Ylonen - Sarnia Sailors : 4 - Kelowna Rockets : 3.
18:48 of 3rd period - Kevin Stenlund wins face-off versus Jack Drury in neutral zone.
18:50 of 3rd period - Off-side.
18:51 of 3rd period - Mike Chiasson call a timeout for Kelowna Rockets.
18:51 of 3rd period - Jack Drury wins face-off versus Kevin Stenlund in neutral zone.
18:53 of 3rd period - Off-side.
18:54 of 3rd period - Jack Drury wins face-off versus Kevin Stenlund in neutral zone.
18:57 of 3rd period - Kelowna Rockets, Justus Annunen is pulled from the net.
18:57 of 3rd period - Snap shot by Matias Maccelli.
18:57 of 3rd period - Stopped by Remi Poirier without a rebound.
18:58 of 3rd period - Jack Drury wins face-off versus Adam Erne in Sarnia Sailors zone.
19:10 of 3rd period - Minor Penalty to Adam Ginning for Hooking.
19:11 of 3rd period - Jack Drury wins face-off versus Kevin Stenlund in Sarnia Sailors zone.
Goals for this period are 2 for Sarnia Sailors vs 2 for Kelowna Rockets.
Shots for this period are 17 for Sarnia Sailors vs 16 for Kelowna Rockets.
Back to the Top